 Dungeon Crawl Stone Soup version 0.30.1-9-gdf580d7c3d (webtiles) character file.

Game seed: 4160754177248264829

42 Ivernyr the Shield-Bearer (level 3, 0/30 HPs)
             Began as a Formicid Fighter on Sept 28, 2023.
             Slain by Crazy Yiuf
             ... wielding a +4 quarterstaff of chaos
              (2 damage)
             ... on level 2 of the Dungeon.
             The game lasted 00:03:00 (1651 turns).

Ivernyr the Shield-Bearer (Formicid Fighter)        Turns: 1651, Time: 00:03:00

Health: 0/30       AC:  8    Str: 22    XL:     3   Next: 77%
Magic:  3/3        EV:  9    Int:  7    God:
Gold:   75         SH:  5    Dex: 13    Spells: 2/2 levels left

rFire   . . .        a - +0 flail
rCold   . . .        c - +0 buckler
rNeg    . . .        b - +0 scale mail
rPois   +            (helmet unavailable)
rElec   .            j - +0 cloak
rCorr   .            (no gloves)
SInv    +            (no boots)
Will    .....        (no amulet) Stlth
                     o - ring of poison resistance
HPRegen 0.25/turn    (no ring)
MPRegen 0.08/turn

%: no passive effects
@: no status effects
A: permanent stasis, dig shafts and tunnels, antennae 3, four strong arms
a: Dig, Shaft Self


You were on level 2 of the Dungeon.
You visited 1 branch of the dungeon, and saw 2 of its levels.

You collected 75 gold pieces.

Inventory:

Hand Weapons
 a - a +0 flail (weapon)
Armour
 b - a +0 scale mail (worn)
 c - a +0 buckler (worn)
 j - a +0 cloak (worn)
Jewellery
 o - a ring of poison resistance (left hand)
Scrolls
 e - 7 scrolls of identify {unknown}
 f - 2 scrolls of fear {unknown}
 g - 2 scrolls of amnesia {unknown}
 i - 2 scrolls of fog {unknown}
 k - a scroll of brand weapon {unknown}
 l - a scroll of teleportation {unknown}
Potions
 d - 2 potions of might
 h - 2 potions of haste {unknown}
 m - a potion of resistance {unknown}
 n - a potion of mutation {unknown}
 p - a potion of invisibility {unknown}


   Skills:
 + Level 3.9 Fighting
 + Level 2.6 Maces & Flails
 + Level 3.9 Armour
 - Level 4.0 Shields


You had 2 spell levels left.
You didn't know any spells.
Your spell library contained the following spells:

 Spells                   Type           Power      Damage    Failure   Level
 Lesser Beckoning         Tloc           0%         N/A       91%         2
 Gell's Gravitas          Tloc           0%         N/A       99%         3
 Teleport Other           Tloc           0%         N/A       99%         3


Dungeon Overview and Level Annotations

Branches:
Dungeon (2/15)

Altars:
Makhleb

Shops:
D:2 (

Annotations:
D:2 Crazy Yiuf


Innate Abilities, Weirdness & Mutations

You cannot be hasted, slowed, berserked, paralysed or teleported.
You can dig through walls and to a lower floor.
You have a pair of large antennae on your head. (SInv)
Your four strong arms can wield two-handed weapons with a shield.


Message History

The frilled lizard hisses angrily.
A frilled lizard is nearby!
The frilled lizard barely misses you.
You barely miss the frilled lizard. The frilled lizard barely misses you.
You closely miss the frilled lizard. The frilled lizard closely misses you.
You thump the frilled lizard!
You kill the frilled lizard!
You see here a frilled lizard corpse.
You see here a +3 dagger.
Found a stone staircase leading down.
Found a stone staircase leading up.
Found Isootij's Antique Weapon Shop.
You sense a monster nearby.
A goblin comes into view. It is wielding a +0 dagger.
The goblin shouts!
You barely miss the goblin. The goblin hits you with a +0 dagger.
You block the goblin's attack.
You barely miss the goblin. The goblin barely misses you.
You sock the goblin!
You kill the goblin!
You see here a +0 dagger.
There is an entrance to Isootij's Antique Weapon Shop here.
You see here a +0 dagger.
You see here a +0 leather armour.
Found a stone staircase leading up.
You see here a +0 leather armour.
Crazy Yiuf shouts!
You open the door. You barely miss Crazy Yiuf.
Crazy Yiuf hits you but does no damage. x2
You hit Crazy Yiuf.
Crazy Yiuf is moderately wounded.
Crazy Yiuf hits you with a +4 quarterstaff of chaos!
Crazy Yiuf freezes you.
You closely miss Crazy Yiuf.
Crazy Yiuf is moderately wounded.
Crazy Yiuf hits you with a +4 quarterstaff of chaos!
* * * LOW HITPOINT WARNING * * *
Crazy Yiuf attacks as you move away!
Crazy Yiuf hits you with a +4 quarterstaff of chaos.
You die...

####### #.....#
##### ##.....#
#..)#
...._..####
#...# ########
.#........# ...
#......#####
.#.....##.# #g#
######.#...#
.####..##.##
♣♣@♣
######.#<#.#
...........#
♣.♣♣
#...>#.###.#
.........###
♣♣.♣
####.#.#...#
.........# ♣.♣♣
#...#.#.###
.........# ♣♣.♣♣
#.....#.###
##.#######
♣...♣♣
#..........
##.#########
♣....♣
#...#...###
...........#
##..##
##.....###<#
.......###.#
#....####..#.#.#
#.#


You could see Crazy Yiuf.

Vanquished Creatures
  A dart slug (D:2)
  A ball python (D:1)
  4 bats (D:1)
  2 endoplasms (D:1)
  2 giant cockroaches (D:1)
  3 goblins
  8 hobgoblins
  3 jackals (D:1)
  2 kobolds (D:1)
  2 quokkas (D:1)
  3 frilled lizards
  3 rats
34 creatures vanquished.

Notes
Turn   | Place    | Note
-------+----------+-------------------------------------------
     0 | D:1      | Ivernyr the Formicid Fighter began the quest for the Orb.
     0 | D:1      | Reached XP level 1. HP: 18/18 MP: 1/1
   134 | D:1      | Reached XP level 2. HP: 24/24 MP: 2/2
   381 | D:1      | Reached XP level 3. HP: 13/30 MP: 3/3
  1001 | D:2      | Found a faded altar of an unknown god.
  1071 | D:2      | Found a runed translucent door.
  1072 | D:2      | Noticed Crazy Yiuf
  1218 | D:2      | Found a burning altar of Makhleb.
  1527 | D:2      | Found Isootij's Antique Weapon Shop.
  1651 | D:2      | Slain by Crazy Yiuf

Illustrated notes

Levels and vault maps discovered:
D:1:      arrival_zaba_pyramid, layout_basic
D:2:      layout_basic, basic_altar, hellmonk_ecumenical_altar_heavens_door,
          serial_shops, nicolae_shop_crystal, uniq_crazy_yiuf_cottage

Action                     || total
---------------------------++-------
  Melee: Flail             ||   123
 Armour: Scale mail        ||    67
  Dodge: Dodged            ||    76
  Block: Buckler           ||    38
